 Dungeon Crawl Stone Soup version 0.30.1-11-g7821555f0a (webtiles) character file.

Game seed: 8752563019667375274

39 KittyFluff the Trooper (level 3, 0/34 HPs)
             Began as a Gargoyle Berserker on Nov 4, 2023.
             Was a Believer of Trog.
             Slain by Robin
             ... wielding a +0 trident
              (5 damage)
             ... on level 2 of the Dungeon.
             The game lasted 00:05:53 (1362 turns).

KittyFluff the Trooper (Gargoyle Berserker)         Turns: 1362, Time: 00:05:53

Health: 0/34       AC:  6    Str: 22    XL:     3   Next: 47%
Magic:  3/3        EV: 12    Int:  7    God:    Trog [**....]
Gold:   62         SH:  0    Dex: 15    Spells: 2/2 levels left

rFire   . . .        a - +0 mace
rCold   + . .        (no shield)
rNeg    + . .        i - +0 leather armour
rPois   ∞            (no helmet)
rElec   +            (no cloak)
rCorr   .            (no gloves)
SInv    .            (no boots)
Will    .....        (no amulet) Stlth
                     g - +6 ring of dexterity
HPRegen 0.25/turn    l - ring of protection from cold
MPRegen 0.08/turn

%: no passive effects
@: berserking, very quick
A: sickness immunity, AC +3, negative energy resistance 1, electricity
resistance, torment resistance 1, petrification resistance
a: Renounce Religion, Berserk, Trog's Hand


You were on level 2 of the Dungeon.
You worshipped Trog.
Trog was pleased with you.
You visited 1 branch of the dungeon, and saw 2 of its levels.

You collected 62 gold pieces.

Inventory:

Hand Weapons
 a - a +0 mace (weapon)
Armour
 i - a +0 leather armour (worn)
Jewellery
 c - a ring of ice
 g - a +6 ring of dexterity (left hand)
 l - a ring of protection from cold (right hand)
Scrolls
 f - a scroll of fog {unknown}
 h - 3 scrolls of identify {unknown}
 j - a scroll of blinking {unknown}
 k - a scroll of fear {unknown}
 m - a scroll of butterflies {unknown}
 n - a scroll of teleportation {unknown}
Potions
 b - a potion of might {unknown}
 d - 2 potions of invisibility {unknown}
 e - a potion of heal wounds {unknown}


   Skills:
 + Level 3.6 Fighting
 * Level 3.5 Maces & Flails
 * Level 3.0 Armour
 + Level 1.9 Dodging


You had 2 spell levels left.
You didn't know any spells.
Your spell library was empty.

Dungeon Overview and Level Annotations

Branches:
Dungeon (2/15)

Altars:

Annotations:
D:2 Robin


Innate Abilities, Weirdness & Mutations

You are immune to sickness and miasma.
Your stone body is resilient. (AC +3)
You are immune to poison.
You resist negative energy. (rN+)
You are resistant to electric shocks. (rElec)
You are resistant to unholy torment.
You are immune to petrification.


Message History

You hear a shout!
You hear a shout! x6
The goblin shoots a sling bullet.
The sling bullet hits you.
You hear a shout!
You hear a shout! x2
The goblin shoots a sling bullet.
The sling bullet hits you.
The goblin shoots a sling bullet.
The sling bullet closely misses you.
The goblin shoots a sling bullet.
The sling bullet closely misses you.
You hear a shout!
Robin shouts!
You hit the goblin.
You kill the goblin!
Trog accepts your kill.
Robin says, "A pitiful Gargoyle like you will never find the ORB!"
Robin hits you from afar with a +0 trident.
Your Armour skill increases to level 3!
Robin hits you but does no damage.
Things that are here:
a +0 sling; a +0 club You closely miss the hobgoblin.
Robin hits you with a +0 trident. The hobgoblin barely misses you.
Robin roars a battlecry!
The hobgoblin goes into a battle-frenzy!
A goblin comes into view. It is wielding a +0 dagger.
The hobgoblin barely misses you.
You hit Robin.
Robin is lightly wounded.
Robin roars a battlecry!
The hobgoblin hits you but does no damage.
You thump Robin!
Robin is severely wounded.
Robin hits you with a +0 trident!
* * * LOW HITPOINT WARNING * * *
The hobgoblin hits you but does no damage.
A hobgoblin comes into view.
A red film seems to cover your vision as you go berserk!
You feel yourself moving faster!
You feel mighty! The hobgoblin hits you.
* * * LOW HITPOINT WARNING * * *
Robin hits you with a +0 trident.
You die...

# ####.############.#
#.#...............#.###
+#....#.###............# #####
.......................## #....
........................# #....
.......#..#......#+#....####....
.......#.........# #......##....
.#.(...##....###.# #.##...##....
...#+#.........@g#+#............
... ###########gg....#.........
.. gg.g...g.....+.........
####.........#......#..
#...#>....#.(....#..
#...#.....#......... ####
.....####...... .....# #......
....... #......


You could see Robin, 2 hobgoblins and a goblin (strong).

Vanquished Creatures
  An adder (D:2)
  A worm (D:2)
  2 ball pythons (D:2)
  2 endoplasms
  4 goblins
  3 hobgoblins
  4 kobolds
  2 quokkas (D:1)
  3 bats
  2 frilled lizards (D:2)
  2 rats
26 creatures vanquished.

Notes
Turn   | Place    | Note
-------+----------+-------------------------------------------
     0 | D:1      | KittyFluff the Gargoyle Berserker began the quest for the
                  | Orb.
     0 | D:1      | Reached XP level 1. HP: 14/14 MP: 1/1
   552 | D:1      | Reached XP level 2. HP: 19/19 MP: 2/2
  1057 | D:2      | Reached XP level 3. HP: 23/23 MP: 3/3
  1177 | D:2      | Reached ** piety under Trog
  1342 | D:2      | Noticed Robin
  1362 | D:2      | Slain by Robin

Illustrated notes

Levels and vault maps discovered:
D:1:      doesnt_arrival_eight_statues, layout_basic, corner_web_ring,
          kennysheep_crisscross
D:2:      layout_basic, dreamdust_ecumenical_altar_sealed_demon, uniq_natasha,
          uniq_robin

Skill      XL: |  1  2  3 |
---------------+----------+-----
Armour         | 3 |  3.0
Fighting       | |  3.6
Maces & Flails | |  3.5
Dodging        | |  1.9

Action                     || total
---------------------------++-------
  Melee: Mace              ||    67
         Punch             ||     1
 Invoke: Berserk           ||     1
 Armour: Animal skin       ||     4
         Leather armour    ||    21
  Dodge: Dodged            ||    42
